 Dungeon Crawl Stone Soup version 0.29.0-5-ge4962eb29e (webtiles) character file.

Game seed: 18061619589562306975

81 xian the Sneak (level 4, -3/24 HPs)
             Began as a Kobold Enchanter on Aug 28, 2022.
             Killed from afar by an orc wizard (7 damage)
             ... with a puff of flame
             ... on level 3 of the Dungeon.
             The game lasted 00:04:16 (2247 turns).

xian the Sneak (Kobold Enchanter)                   Turns: 2247, Time: 00:04:16

Health: -3/24      AC:  2    Str: 13    XL:     4   Next: 67%
Magic:  2/7        EV: 15    Int: 16    God:
Gold:   143        SH:  0    Dex: 15    Spells: 5/7 levels left

rFire   . . .      SeeInvis .   a - +1 dagger
rCold   . . .      Faith    .   (no shield)
rNeg    . . .      Spirit   .   b - +0 robe
rPois   .          Reflect  .   (no helmet)
rElec   .          Harm     .   (no cloak)
rCorr   .          Rampage  .   (no gloves)
Will    .....                   (no boots)
Stlth   ++++......              (no amulet)
HPRegen 0.08/turn               f - +6 ring of strength
MPRegen 0.10/turn               (no ring)

@: no status effects
A: small, no large weapons, nightstalker 3
a: no special abilities


You were on level 3 of the Dungeon.
You visited 1 branch of the dungeon, and saw 3 of its levels.

You collected 143 gold pieces.

Inventory:

Hand Weapons
 a - a +1 dagger (weapon)
Missiles
 k - 3 atropa-tipped darts (quivered)
Armour
 b - a +0 robe (worn)
Jewellery
 f - a +6 ring of strength (left hand)
Scrolls
 e - 2 scrolls of amnesia {unknown}
 g - a scroll of noise {unknown}
 h - a scroll of identify {unknown}
 j - a scroll of teleportation {unknown}
 l - a scroll of fear {unknown}
 m - a scroll of magic mapping {unknown}
Potions
 c - 2 potions of invisibility
 d - 2 potions of ambrosia {unknown}
 i - a potion of brilliance {unknown}
 n - a potion of resistance {unknown}


   Skills:
 + Level 0.5 Fighting
 * Level 3.2 Short Blades
 + Level 2.8 Dodging
 + Level 5.0 Stealth
 + Level 2.4 Spellcasting
 + Level 3.5 Hexes


You had 5 spell levels left.
You knew the following spells:

 Your Spells              Type           Power      Damage    Failure   Level
a - Ensorcelled Hibernat  Hex/Ice        14%        N/A       14%         2

Your spell library contained the following spells:

 Spells                   Type           Power      Damage    Failure   Level
 Confusing Touch          Hex            13%        N/A       14%         3
 Tukima's Dance           Hex            13%        N/A       14%         3
 Dazzling Flash           Conj/Hex       14%        N/A       28%         3


Dungeon Overview and Level Annotations

Branches:
Dungeon (3/15)

Altars:

Shops:
D:2 =

Annotations:
D:3 Ijyb


Innate Abilities, Weirdness & Mutations

You are small and have problems with some larger weapons.
You are completely attuned to the shadows.


Message History

The orc resists with significant effort.
The orc barely misses you.
A hobgoblin comes into view.
You closely miss the orc.
An orc wizard comes into view. It is wielding a +0 dagger.
The orc hits you with a +0 falchion.
You hit the orc.
The orc is severely wounded.
The orc closely misses you. The orc hits you with a +0 falchion.
The orc attacks as you move away! The orc hits you with a +0 hand axe!
The orc attacks as you move away! The orc closely misses you.
The hobgoblin closely misses you.
Found 8 gold pieces.
Casting: Ensorcelled Hibernation (safe; 14% risk of failure)
Confirm with . or Enter, or press ? or * to list all spells.
Aiming: Ensorcelled Hibernation (safe; 14% risk of failure)
Press: ? - help, Shift-Dir - straight line, f/p - orc
Aim: an orc, wielding a +0 falchion (heavily wounded, chance to affect: 58%)
The orc looks drowsy...
The helpless orc fails to defend itself.
You impale the orc!!
You kill the orc!
Unknown command.
You hit the orc.
The orc is almost dead.
The orc hits you with a +0 falchion.
* * * LOW HITPOINT WARNING * * *
You hit the orc.
You kill the orc!
You closely miss the hobgoblin. The hobgoblin closely misses you.
You completely miss the hobgoblin. The hobgoblin hits you.
* * * LOW HITPOINT WARNING * * *
You hit the hobgoblin.
The hobgoblin is heavily wounded.
You hit the hobgoblin.
You kill the hobgoblin!
The orc wizard casts a spell at you. The puff of flame hits you!
You die...

############
#..........#
#..........#
#..........#######
#..........o)@..$#
#.......)..#####.#
# #.....$....# #
#..........#
####..........#
'..........>###
######....... #
...b:... ..


You could see an orc wizard.

Vanquished Creatures
  Robin (D:2)
  2 dart slugs (D:2)
  4 orcs (D:3)
  7 bats
  2 endoplasms
  6 giant cockroaches (D:1)
  10 goblins
  6 hobgoblins
  7 jackals
  2 kobolds
  3 frilled lizards (D:1)
  A rat (D:1)
51 creatures vanquished.

Notes
Turn   | Place    | Note
-------+----------+-------------------------------------------
     0 | D:1      | xian the Kobold Enchanter began the quest for the Orb.
     0 | D:1      | Reached XP level 1. HP: 10/10 MP: 3/3
   181 | D:1      | Reached XP level 2. HP: 15/15 MP: 5/5
   539 | D:1      | Reached XP level 3. HP: 19/19 MP: 6/6
   871 | D:2      | Learned a level 2 spell: Ensorcelled Hibernation
  1522 | D:2      | Noticed Robin
  1529 | D:2      | Killed Robin
  1530 | D:2      | Reached XP level 4. HP: 13/24 MP: 0/7
  1880 | D:2      | Found Taleluh's Jewellery Shoppe.
  2178 | D:3      | Noticed Ijyb
  2179 | D:3      | Reached skill level 5 in Stealth
  2181 | D:3      | Noticed a phantom
  2247 | D:3      | Killed from afar by an orc wizard

Illustrated notes

Levels and vault maps discovered:
D:1:      minmay_arrival_four_houses, layout_loops_ring
D:2:      layout_loops_ring, serial_shops, shop_fountains,
          amcnicky_mini_rare_corridor_liquid, uniq_robin
D:3:      layout_basic, trog_book, kiku_gazebo_garden_becter,
          dreamdust_ecumenical_altar_grove, uniq_ijyb

Skill      XL: |  1  2  3  4 |
---------------+-------------+-----
Short Blades   | 2 3 |  3.2
Stealth        | 5 |  5.0
Fighting       | |  0.5
Dodging        | |  2.8
Spellcasting   | |  2.4
Hexes          | |  3.5

Action                   |  1- 3 |  4- 6 || total
-------------------------+-------+-------++-------
Melee: Dagger            |    75 |    35 ||   110
       Punch             |     1 |       ||     1
Throw: Dart              |       |     1 ||     1
 Cast: Ensorcelled Hiber |     2 |     5 ||     7
 Stab: Sleeping          |    17 |    11 ||    28
       Invisible         |       |     1 ||     1
Armor: Robe              |     8 |       ||     8
Dodge: Dodged            |    55 |    20 ||    75
